 Dungeon Crawl Stone Soup version 0.29.0-4-gdea44cf6ec (webtiles) character file.

Game seed: 14620811198584570927

95 qw the Chopper (level 4, 0/26 HPs)
             Began as a Tengu Warper on Aug 28, 2022.
             Slain by an orc
             ... wielding a +0 flail
              (3 damage)
             ... on level 3 of the Dungeon.
             The game lasted 00:00:12 (1964 turns).

qw the Chopper (Tengu Warper)                       Turns: 1964, Time: 00:00:12

Health: 0/26       AC:  3    Str: 13    XL:     4   Next: 66%
Magic:  8/8        EV: 12    Int: 13    God:
Gold:   77         SH:  0    Dex: 14    Spells: 7/7 levels left

rFire   . . .      SeeInvis .   Y - +0 hand axe
rCold   . . .      Faith    .   (no shield)
rNeg    . . .      Spirit   .   b - +0 leather armour
rPois   .          Reflect  .   (helmet restricted)
rElec   .          Harm     .   (no cloak)
rCorr   .          Rampage  .   (no gloves)
Will    .....                   (boots unavailable)
Stlth   +.........              (no amulet)
HPRegen 0.08/turn               (no ring)
MPRegen 0.11/turn               (no ring)

@: confused, about to teleport
A: beak, talons 3
a: no special abilities


You were on level 3 of the Dungeon.
You visited 1 branch of the dungeon, and saw 3 of its levels.

You collected 143 gold pieces.
You spent 66 gold pieces at shops.


Innate Abilities, Weirdness & Mutations

You have a beak for a mouth.
You have claws for feet.


   Skills:
 - Level 2.0 Fighting
 + Level 5.2 Axes
 - Level 1.0 Throwing
 - Level 1.1 Armour
 - Level 2.1 Dodging
 - Level 2.0 Spellcasting
 - Level 2.4 Translocations


You had 7 spell levels left.
You didn't know any spells.
Your spell library contained the following spells:

 Spells                   Type           Power      Damage    Failure   Level
 Blink                    Tloc           14%        N/A       19%         2
 Gell's Gravitas          Tloc           7%         N/A       36%         3
 Lesser Beckoning         Tloc           7%         N/A       36%         3
 Teleport Other           Tloc           7%         N/A       36%         3
 Manifold Assault         Tloc           7%         N/A       98%         5

Inventory:

Hand Weapons
 c - a +0 club
 Y - a +0 hand axe (weapon)
Missiles
 d - 2 boomerangs (quivered)
Armour
 b - a +0 leather armour (worn)
 i - a +0 chain mail
Scrolls
 a - 2 scrolls of teleportation
 e - a scroll of enchant weapon {unknown}
 f - a scroll of identify
 j - a scroll of enchant armour {unknown}
Potions
 g - a potion of magic {unknown}

Dungeon Overview and Level Annotations

Branches:
Dungeon (3/15)

Altars:

Shops:
D:2 ?

Annotations:
D:3 Sigmund


Message History

The orc barely misses you. The orc completely misses you.
You barely miss the orc. You claw the orc, but do no damage.
The orc is heavily wounded.
You barely miss the orc. The orc hits you with a +0 club.
You hit the orc but do no damage. Your peck misses the orc.
The orc is heavily wounded.
You hit the orc. You closely miss the orc. You hit the orc.
The orc closely misses you. The orc hits you with a +0 whip.
The orc misses you.
Sigmund hits you from afar with a +0 scythe.
The orc hits you with a +0 club.
You hit the orc.
You kill the orc!
You hit the orc.
You kill the orc!
You hit the orc. You barely miss the orc. The orc hits you with a +0 whip.
The orc misses you.
You hit the orc.
You kill the orc!
You hit the orc. Sigmund barely misses you.
The orc hits you but does no damage.
You hit the orc but do no damage. You peck the orc, but do no damage.
The orc is almost dead.
The orc hits you with a +0 flail. Sigmund casts a spell at you.
You resist with some effort.
1962 ||| READING 3 scrolls of teleportation.
As you read the scroll of teleportation, it crumbles to dust.
You feel strangely unstable. The orc closely misses you.
Sigmund casts a spell at you.
You are confused.
You barely miss the orc. You peck the orc, but do no damage.
The orc is almost dead.
A bat comes into view.
The orc closely misses you.
Sigmund points at you and mumbles some strange words.
The magic dart hits you.
The bat moves out of view.
The orc hits you with a +0 flail.
You die...

##.^.....? ..
#.(..((... ..
#.........# . .
#.............. .
#..............####
#..)@.......#......
#)))....[...#>.....
#.(o.......# #.....
#.@........###.....
#..................
#...........#......
#.....%...#........
#.........#####..#.
###...##...........
#.##.............
#.##.#.........##
#.##.#...........


You could see Sigmund and an orc.

Vanquished Creatures
  3 adders (D:2)
  An ufetubus (D:3)
  A worm (D:2)
  A dart slug (D:1)
  5 orcs
  6 ball pythons
  3 bats (D:2)
  2 endoplasms (D:1)
  2 giant cockroaches
  3 goblins
  8 hobgoblins
  2 quokkas (D:3)
  4 frilled lizards
  7 kobolds
  7 rats
55 creatures vanquished.

Vanquished Creatures (others)
  A plant (D:2)
1 creature vanquished.

Grand Total: 56 creatures vanquished

Notes
Turn   | Place    | Note
-------+----------+-------------------------------------------
     0 | D:1      | qw the Tengu Warper began the quest for the Orb.
     0 | D:1      | Reached XP level 1. HP: 12/12 MP: 4/4
     0 | D:1      | 0 ||| qw: Version: 0.1-a-89-g26bdef1
     0 | D:1      | 0 ||| qw: Game counter: 400
     0 | D:1      | 0 ||| qw: Always use a shield: true
     0 | D:1      | 0 ||| qw: God list: Okawaru
     0 | D:1      | 0 ||| qw: Allow faded altars: false
     0 | D:1      | 0 ||| qw: Do Orc after D:15 true
     0 | D:1      | 0 ||| qw: Do second Lair branch before Depths: true
     0 | D:1      | 0 ||| qw: Lair rune preference: random
     0 | D:1      | 0 ||| qw: Plans: Normal
     0 | D:1      | 0 ||| PLANNING D:1-11
   184 | D:1      | Reached XP level 2. HP: 17/17 MP: 6/6
   200 | D:1      | Reached skill level 3 in Axes
   209 | D:1      | 209 ||| Stepping ~*~*~tactically~*~*~ (stealth).
   217 | D:1      | 217 ||| Stepping ~*~*~tactically~*~*~ (stealth).
   313 | D:1      | 313 ||| Stepping ~*~*~tactically~*~*~ (hiding).
   415 | D:1      | 415 ||| Stepping ~*~*~tactically~*~*~ (hiding).
   694 | D:1      | Reached XP level 3. HP: 21/21 MP: 7/7
   853 | D:1      | 853 ||| READING 3 scrolls labelled ZISIUD SIOTA.
   858 | D:1      | 858 ||| READING 3 scrolls labelled BOENEN YJOLLAC.
   859 | D:1      | 859 ||| READING scroll labelled RAOB DUBOGH.
   860 | D:1      | 860 ||| READING scroll labelled DISCHO ZAPAN.
   861 | D:1      | 861 ||| READING scroll labelled ACIPRA ZASA.
   862 | D:1      | 862 ||| READING 2 scrolls of identify.
   862 | D:1      | 862 ||| IDENTIFYING sedimented grey potion
   863 | D:1      | 863 ||| DROPPING scroll of blinking.
   864 | D:1      | 864 ||| DROPPING potion of brilliance.
   886 | D:2      | 886 ||| Stepping ~*~*~tactically~*~*~ (stealth).
   891 | D:2      | 891 ||| Stepping ~*~*~tactically~*~*~ (stealth).
   893 | D:2      | 893 ||| Stepping ~*~*~tactically~*~*~ (stealth).
   923 | D:2      | Reached skill level 4 in Axes
  1206 | D:2      | 1206 ||| FLEEEEING.
  1209 | D:2      | 1209 ||| FLEEEEING.
  1210 | D:2      | 1210 ||| FLEEEEING.
  1213 | D:2      | 1213 ||| FLEEEEING.
  1214 | D:2      | 1214 ||| FLEEEEING.
  1263 | D:2      | 1263 ||| Stepping ~*~*~tactically~*~*~ (stealth).
  1264 | D:2      | 1264 ||| Stepping ~*~*~tactically~*~*~ (stealth).
  1271 | D:2      | Reached XP level 4. HP: 26/26 MP: 8/8
  1357 | D:2      | Found Arygrudgh's Magic Scroll Shop.
  1364 | D:2      | 1364 ||| BUYING scroll of teleportation (33 gold).
  1364 | D:2      | Bought a scroll of teleportation for 33 gold pieces
  1364 | D:2      | 1364 ||| BUYING scroll of teleportation (33 gold).
  1364 | D:2      | Bought a scroll of teleportation for 33 gold pieces
  1784 | D:2      | 1784 ||| Stepping ~*~*~tactically~*~*~ (stealth).
  1785 | D:2      | 1785 ||| Stepping ~*~*~tactically~*~*~ (stealth).
  1825 | D:2      | 1825 ||| READING scroll labelled CUWNON DYSOJ.
  1826 | D:2      | 1826 ||| READING 4 scrolls of teleportation.
  1842 | D:3      | 1842 ||| STAIRDANCE
  1884 | D:3      | 1884 ||| STAIRDANCE
  1930 | D:3      | Reached skill level 5 in Axes
  1953 | D:3      | Noticed Sigmund
  1961 | D:3      | HP: 5/26 [orc/+0 flail (5)]
  1962 | D:3      | 1962 ||| READING 3 scrolls of teleportation.
  1964 | D:3      | Slain by an orc

Levels and vault maps discovered:
D:1:      minmay_arrival_widening_spiral_wide, layout_rooms
D:2:      layout_loops_ring, serial_bayou, serial_bayou_pond_e,
          serial_bayou_pond_c, serial_bayou_pond_e, serial_bayou_crossing,
          serial_shops, shop
D:3:      layout_rooms, cheibriados_altar_1, uniq_sigmund

Skill      XL: |  1  2  3  4 |
---------------+-------------+-----
Axes           | 3 4 5 |  5.2
Fighting       | |  2.0
Throwing       | |  1.0
Armour         | |  1.1
Dodging        | |  2.1
Spellcasting   | |  2.0
Translocations | |  2.4

Action                   |  1- 3 |  4- 6 || total
-------------------------+-------+-------++-------
Melee: Hand axe          |    70 |    31 ||   101
       Kick              |    15 |     8 ||    23
       Peck              |     7 |     4 ||    11
       Punch             |     1 |       ||     1
Throw: Boomerang         |    16 |     8 ||    24
       Javelin           |       |    13 ||    13
  Use: Scroll            |     6 |     3 ||     9
Armor: Leather armour    |    14 |     8 ||    22
Dodge: Dodged            |    36 |    28 ||    64

Table legend:
 A = Non-vault XP
 B = Vault XP
 C = Vault XP percentage of total XP
 D = Non-vault monster count
 E = Vault monster count
 F = Vault count percentage of total count
                 A         B        C        D         E       F
            +---------+---------+-------+---------+---------+-------
      Total |     137 |       0 |   0.0 |      55 |       0 |   0.0
            +---------+---------+-------+---------+---------+-------
        D:1 |      34 |       0 |   0.0 |      22 |       0 |   0.0
        D:2 |      75 |       0 |   0.0 |      23 |       0 |   0.0
        D:3 |      28 |       0 |   0.0 |      10 |       0 |   0.0
            +---------+---------+-------+---------+---------+-------
